 Dungeon Crawl Stone Soup version 0.18.1-50-g88ac8fd (webtiles) character file.

180 Moofe the Chiller (level 5, -5/37 HPs)
             Began as a Merfolk Ice Elementalist on Oct 20, 2016.
             Slain by an ogre
             ... wielding a +0 giant club
              (20 damage)
             ... on level 4 of the Dungeon.
             The game lasted 00:15:59 (3253 turns).

Moofe the Chiller (Merfolk Ice Elementalist)        Turns: 3253, Time: 00:15:59

Health: -5/37      AC: 14    Str: 10    XL:     5   Next: 60%
Magic:  9/9        EV:  8    Int: 13    God:
Gold:   156        SH:  2    Dex: 15    Spells: 2 memorised, 6 levels left

rFire  + + .     SeeInvis .     a - +2 spear (pain)
rCold  . . .     Gourm    .     u - +0 fire dragon armour
rNeg   . . .     Faith    .     (no shield)
rPois  .         Spirit   .     t - +0 helmet
rElec  .         Dismiss  .     (no cloak)
rCorr  .         Reflect  +     (no gloves)
SustAt .         Harm     .     (no boots)
MR     .....                    g - +2 amulet of reflection
Stlth  ..........               (no ring)
                                (no ring)

@: drained, not resistant to hostile enchantments, extremely unstealthy
A: change form in water, swift swim, iridescent scales 1, rugged brown scales 1,
cold resistance 1, dopey 1, high mp 1, slow regeneration 1, strong 1
a: no special abilities


You were on level 4 of the Dungeon.
You were not hungry.

You visited 1 branch of the dungeon, and saw 4 of its levels.

You collected 156 gold pieces.

Inventory:

Hand Weapons
 a - a +2 spear of pain (weapon)
 e - the +3 hunting sling of the Sun {flame, *Drain Str+5}
   (You found it on level 4 of the Dungeon)

   It causes projectiles fired from it to burn those they strike, causing extra
   injury to most foes and up to half again as much damage against particularly
   susceptible opponents.
   It affects your strength (+5).
   It causes draining when unequipped.
Missiles
 p - 5 poisoned needles
Armour
 t - a +0 helmet (worn)
 u - a +0 fire dragon armour (worn)
Jewellery
 g - a +2 amulet of reflection (around neck)
Scrolls
 f - 5 scrolls of identify
 q - 2 scrolls of remove curse
Potions
 m - a potion of might {unknown}
 n - a potion of flight
 r - a potion of curing {unknown}
Books
 b - a book of Frost

   Spells                             Type                      Level
   a - Freeze                         Ice                          1
   b - Throw Frost                    Conjuration/Ice              2
   c - Ozocubu's Armour               Charms/Ice                   3
   d - Throw Icicle                   Conjuration/Ice              4
   e - Summon Ice Beast               Ice/Summoning                4
Comestibles
 c - 2 bread rations
 d - 4 fruits
 i - 2 slices of pizza
 j - a meat ration


   Skills:
 + Level 0.7(0.0) Fighting
 * Level 3.1(2.0) Polearms
 + Level 1.6(0.5) Throwing
 * Level 4.1(3.0) Dodging
 + Level 2.8(1.7) Stealth
 + Level 2.6(1.6) Spellcasting
 - Level 0.7(0.0) Conjurations
 * Level 4.1(2.9) Ice Magic


You had 6 spell levels left.
You knew the following spells:

 Your Spells              Type           Power        Failure   Level  Hunger
a - Freeze                Ice            #...         88%         1    ##.....
b - Throw Frost           Conj/Ice       #.....       100%        2    ###....


Dungeon Overview and Level Annotations

Branches:
Dungeon (4/15)
 Temple: D:4-7

Altars:
Fedhas
Okawaru
Qazlal
Xom


Innate Abilities, Weirdness & Mutations

You revert to your normal form in water.
You are very nimble and swift while swimming.
You are partially covered in iridescent scales (AC +4).
You are partially covered in rugged brown scales (AC +1, +3% HP).
Your flesh is cold resistant.
You are dopey. (Int -2)
You have an increased reservoir of magic (+10% MP).
You regenerate slowly when monsters are visible.
Your muscles are strong. (Str +2)


Message History

You hit the ogre.
The ogre is lightly wounded.
The ogre hits you with a giant club!
You hit the ogre.
The ogre is lightly wounded.
You hit the ogre.
The ogre is moderately wounded.
The ogre hits you but does no damage.
You hit the ogre.
The ogre is heavily wounded.
The ogre hits you with a giant club!
Drink which item? (? for menu, Esc to quit)
Okay, then.
Read which item? (? for menu, Esc to quit)
Okay, then.
You hit the ogre but do no damage.
The ogre is moderately wounded.
The ogre hits you with a giant club!!
Ouch! That really hurt!
You die...

##### #..)# #.#.#
#.#.# #.#.# #.#.#
#.#.# #.#.########
#.#.##..@O.#
#.#.##.###.#
#########.#.#...<#.#
..........#.######.#
#.########.........#
#.# #....######
#.########.##.#
............>.#
...###.###....#


You could see an ogre.

Vanquished Creatures
  A hound (D:3)
  An iguana (D:4)
  A hound skeleton (D:4)
  Robin (D:3)
  An adder (D:4)
  A gnoll (D:1)
  A worm (D:2)
  A dart slug (D:1)
  3 giant geckos
  4 giant cockroaches
  12 goblins
  12 hobgoblins
  4 jackals (D:3)
  6 kobolds
  A quokka (D:2)
  5 bats
  5 giant newts
  9 rats
69 creatures vanquished.

Notes
Turn   | Place    | Note
--------------------------------------------------------------
     0 | D:1      | Moofe the Merfolk Ice Elementalist began the quest for the Orb.
     0 | D:1      | Reached XP level 1. HP: 13/13 MP: 3/3
   235 | D:1      | Reached XP level 2. HP: 20/20 MP: 1/5
   384 | D:1      | Reached skill level 1 in Throwing
   549 | D:1      | Gained mutation: You are partially covered in rugged brown scales (AC +1, +3% HP). [potion of mutation]
   549 | D:1      | Gained mutation: You are dopey. (Int -2) [potion of mutation]
   549 | D:1      | Gained mutation: You regenerate slowly when monsters are visible. [potion of mutation]
   550 | D:1      | Gained mutation: You are partially covered in iridescent scales (AC +4). [potion of mutation]
   550 | D:1      | Gained mutation: Your muscles are strong. (Str +2) [potion of mutation]
   556 | D:1      | Learned a level 2 spell: Throw Frost
   719 | D:1      | Reached XP level 3. HP: 14/25 MP: 1/6
  1233 | D:2      | Found a shimmering altar of Xom.
  1510 | D:2      | Gained mutation: You have an increased reservoir of magic (+10% MP). [potion of mutation]
  1510 | D:2      | Gained mutation: Your flesh is cold resistant. [potion of mutation]
  1753 | D:2      | Reached skill level 1 in Polearms
  2270 | D:3      | Found an iron altar of Okawaru.
  2322 | D:3      | Reached XP level 4. HP: 30/31 MP: 8/8
  2424 | D:3      | Found a blossoming altar of Fedhas.
  2530 | D:3      | Noticed Robin
  2555 | D:3      | Killed Robin
  2910 | D:4      | Found a stormy altar of Qazlal.
  2940 | D:4      | Reached XP level 5. HP: 33/37 MP: 7/9
  2974 | D:4      | Noticed a phantom
  3200 | D:4      | Got an ancient hunting sling
  3201 | D:4      | Identified the cursed +3 hunting sling of the Sun {flame, *Drain Str+5} (You found it on level 4 of the Dungeon)
  3218 | D:4      | Noticed an ogre
  3253 | D:4      | Slain by an ogre

Skill      XL: |  1  2  3  4  5 |
---------------+----------------+-----
Dodging        | 3 4 |  4.1
Throwing       | 1 |  1.6
Polearms       | 1 2 3 |  3.1
Ice Magic      | 4 |  4.1
Fighting       | |  0.7
Stealth        | |  2.8
Spellcasting   | |  2.6
Conjurations   | |  0.7

Action                   |  1- 3 |  4- 6 || total
-------------------------+-------+-------++-------
Melee: Short sword       |     1 |       ||     1
       Spear             |    91 |   137 ||   228
 Cast: Freeze            |    38 |    21 ||    59
  Use: Potion            |     6 |     1 ||     7
       Scroll            |     2 |     5 ||     7
 Stab: Sleeping          |     5 |       ||     5
       Distracted        |     1 |       ||     1
  Eat: Chunk             |     5 |     4 ||     9
Armor: Robe              |    33 |    30 ||    63
       Scale mail        |     6 |       ||     6
       Fire dragon armou |       |    29 ||    29
Dodge: Dodged            |    57 |    94 ||   151
Block: Other             |     7 |    12 ||    19
